 Dungeon Crawl Stone Soup version 0.23.1-37-gaa34b87b72 (webtiles) character file.

Game seed: 12278806459251737775

95 Gargoyl the Skirmisher (level 4, 0/41 HPs)
             Began as a Centaur Abyssal Knight on Mar 22, 2019.
             Was a Follower of Lugonu.
             Slain by a small abomination (19 damage)
             ... on level 1 of the Abyss.
             The game lasted 00:00:35 (139 turns).

Gargoyl the Skirmisher (Centaur Abyssal Knight)      Turns: 139, Time: 00:00:35

Health: 0/41       AC:  4    Str: 14      XL:     4   Next: 40%
Magic:  5/5        EV:  9    Int: 16      God:    Lugonu [*.....]
Gold:   11         SH:  0    Dex:  9 (10) Spells: 3/3 levels left

rFire    . . .     SeeInvis .   a - +1 hand axe
rCold    . . .     Gourm    .   (no shield)
rNeg     . . .     Faith    .   b - +0 leather armour
rPois    .         Spirit   .   (no helmet)
rElec    .         Reflect  .   (no cloak)
rCorr    .         Harm     .   (no gloves)
MR       .....                  (no barding)
Stlth    ..........             (no amulet)
HPRegen  0.00/turn              (no ring)
MPRegen  0.09/turn              (no ring)

@: brilliant, non-regenerating, badly diseased, very quick
A: large, hooves 3, deformed body, speed 2, tough skin 3, subdued magic 1
a: Depart the Abyss, Renounce Religion


You were on level 1 of the Abyss.
You worshipped Lugonu.
Lugonu was aware of your devotion.
You were not hungry.

You visited 0 branches of the dungeon, and saw 0 of its levels.
You visited the Abyss 1 time.

You collected 11 gold pieces.

Inventory:

Hand Weapons
 a - a +1 hand axe (weapon)
Armour
 b - a +0 leather armour (worn)
Scrolls
 d - a scroll of noise {unknown}
Comestibles
 c - a ration


   Skills:
 + Level 4.4 Fighting
 + Level 2.2 Axes
 + Level 1.8 Armour
 + Level 0.7 Dodging
 + Level 2.4 Invocations


You had 3 spell levels left.
You didn't know any spells.
Your spell library was empty.

Dungeon Overview and Level Annotations

Branches:
Dungeon (0/15)

Altars:


Innate Abilities, Weirdness & Mutations

You have hooves in place of feet.
Armour fits poorly on your strangely shaped body.
You cover ground very quickly.
You have extremely tough skin. (AC +3)
Your spells are a little easier to cast, but a little less powerful.


Message History

You feel ill. The neqoxec gestures at you.
Strange energies course through your body.
Your connection to magic feels subdued.
You feel ill.
The quasit bites you but does no damage.
The quasit misses you. The quasit claws you.
You feel clumsy. The quasit closely misses you.
The quasit claws you but does no damage.
The quasit barely misses you.
The neqoxec gestures.
The neqoxec gestures at you.
Something tries to feed on your intellect!
Found a scroll labeled YRHUAS RICE.
You see here a scroll labeled YRHUAS RICE.
d - a scroll labeled YRHUAS RICE The small abomination hits you!!
The small abomination hits you!!
You die...

#.. ##.#####.# ##.##
#.#..#.##
##.#5...5.#..#.# .# #
...###.#......#
.#####...#.##..#...####
.. #.#.#.#.####5.##
...#..####...#..### ...
.# ....x.#3x...#.§§.
.... x.......x..@.......
.. .3.. ................
...... . ...............
..x..........#.....#....
.... .......###...###...
.... ...................
#.#.∩. # ..#......# .#
#..# ##...# ##.....
....## # .


You could see 2 ancient zymes, a neqoxec, a small abomination, a quasit and an
ufetubus.

Vanquished Creatures
  A floating eye (shapeshifter) (Abyss:1)
1 creature vanquished.

Notes
Turn   | Place    | Note
-------+----------+-------------------------------------------
     0 | Abyss:1  | Gargoyl the Centaur Abyssal Knight began the quest for the
                  | Orb.
     0 | Abyss:1  | Reached XP level 1. HP: 19/19 MP: 2/2
    62 | Abyss:1  | Noticed a ynoxinul
    65 | Abyss:1  | Noticed a floating eye
    70 | Abyss:1  | Killed a floating eye
    70 | Abyss:1  | Reached skill level 4 in Fighting
    70 | Abyss:1  | Reached XP level 2. HP: 28/28 MP: 3/3
    70 | Abyss:1  | Reached XP level 3. HP: 34/34 MP: 4/4
    70 | Abyss:1  | Reached XP level 4. HP: 41/41 MP: 5/5
    84 | Abyss:1  | Noticed an ancient zyme
    85 | Abyss:1  | Noticed a small abomination
   113 | Abyss:1  | Noticed an ancient zyme
   113 | Abyss:1  | Noticed a neqoxec
   118 | Abyss:1  | Gained mutation: Your spells are a little easier to cast,
                  | but a little less powerful. [a neqoxec]
   139 | Abyss:1  | Slain by a small abomination

Skill      XL: |  1 |
---------------+----+-----
Fighting       | 4 |  4.4
Axes           | 2 |  2.2
Armour         | |  1.8
Dodging        | |  0.7
Invocations    | |  2.4

Action                   |  1- 3 |  4- 6 || total
-------------------------+-------+-------++-------
Melee: Hand axe          |     2 |       ||     2
       Kick              |     1 |       ||     1
  Use: Potion            |       |     2 ||     2
Armor: Leather armour    |       |     2 ||     2
Dodge: Dodged            |       |     5 ||     5
